 Dungeon Crawl Stone Soup version 0.31-a0-986-g5e6e4ef867 (webtiles) character file.

Game seed: 1470999938257498263

68219 horus123 the Severer (level 15, -6/135 HPs)
             Began as a Hill Orc Fighter on Nov 21, 2023.
             Was a High Priest of Ru.
             Mangled by a sea snake (9 damage)
             ... on level 2 of the Shoals.
             The game lasted 00:45:30 (21125 turns).

horus123 the Severer (Hill Orc Fighter)            Turns: 21125, Time: 00:45:31

Health: -6/135     AC: 23    Str: 27    XL:     15   Next: 25%
Magic:  10/15      EV: 10    Int:  8    God:    Ru [*****.]
Gold:   644        SH:  0    Dex:  5    Spells: 14/14 levels left

rFire   + . .        L - +10 dark maul {heavy}
rCold   . . .        (shield currently unavailable)
rNeg    . . .        f - +2 swamp dragon scales
rPois   +            (no helmet)
rElec   .            o - +2 cloak
rCorr   .            (no gloves)
SInv    .            S - +2 pair of boots
Will    +....        h - amulet "Xyurchup" {Acrobat +Inv rF+ Dex-3} Stlth
                     t - +4 ring of protection
HPRegen 0.42/turn    l - +4 ring of slaying
MPRegen 0.14/turn

%: inaccuracy (-5), acrobat
@: exhausted, very slow
A: clumsy 1, no stealth, hated by all, inability to train dodging, missing an
eye, no forms
a: Renounce Religion, Evoke Invisibility, Draw Out Power, Power Leap, Apocalypse


You were on level 2 of the Shoals.
You worshipped Ru.
Ru was extremely pleased with you.
You visited 4 branches of the dungeon, and saw 20 of its levels.

You collected 2538 gold pieces.
You spent 1894 gold pieces at shops.

Inventory:

Hand Weapons
 p - a +0 demon whip of venom
 A - the +1 flail "Xiec" {drain, MP+9 Str+5 Stlth-}
   (You bought it in a shop on level 9 of the Dungeon)

   Str+5:     It affects your strength (+5).
   MP+9:      It affects your magic capacity (+9).
   Stlth-:    It makes you less stealthy.
 B - a +4 battleaxe
 L - the +10 dark maul (weapon) {heavy}
   (You bought it in a shop on level 2 of the Orcish Mines)
 T - a +2 glaive of protection
 U - a +2 heavy battleaxe
Missiles
 q - 38 poisoned darts (quivered)
 J - 14 curare-tipped darts
Armour
 b - a +0 scale mail
 c - a +0 buckler
 f - +2 swamp dragon scales (worn)
 o - a +2 cloak (worn)
 v - the +0 toga "Victory" {*Victory Clar}
   (You found it on level 1 of the Lair of Beasts)

   *Victory:  When the wearer kills a threatening monster, it has a chance to
   gain +1 AC, +1 Slay, and +1 Int, capping at +7.
   When the wearer uses a scroll or a potion with a hostile monster in sight,
   its bonuses reset to +0.
   Unequipping it also resets its bonuses to +0.
   Clar:      It protects you from confusion, rage, mesmerisation and fear.
 w - a +0 chain mail
 D - a +0 plate armour
 Q - a +1 scale mail of fire resistance
 S - a +2 pair of boots (worn)
Jewellery
 a - a ring of see invisible
 e - an amulet of faith
 h - the amulet "Xyurchup" (around neck) {Acrobat +Inv rF+ Dex-3}
   (You found it on level 8 of the Dungeon)

   [amulet of the acrobat]

   Acrobat:   It increases your evasion while moving and waiting.
   Dex-3:     It affects your dexterity (-3).
   rF+:       It protects you from fire.
   +Inv:      It lets you turn invisible.
 k - a +6 ring of dexterity
 l - a +4 ring of slaying (right hand)
 s - a ring of positive energy
 t - a +4 ring of protection (left hand)
 u - a +4 ring of protection
 H - an amulet of the acrobat
 P - a ring of willpower
 R - a ring of poison resistance
Wands
 n - a wand of flame (18)
 x - a wand of iceblast (10)
 E - a wand of paralysis (14)
 F - a wand of quicksilver (12)
 I - a wand of mindburst (9)
Scrolls
 g - 3 scrolls of poison
 j - a scroll of silence
 y - 12 scrolls of teleportation
 C - 4 scrolls of amnesia
 K - a scroll of revelation
 M - a scroll of fear
 O - a scroll of brand weapon {unknown}
Potions
 d - 4 potions of curing
 i - a potion of magic
 m - 2 potions of degeneration
 r - a potion of ambrosia {unknown}
 z - 2 potions of mutation {unknown}
 G - 4 potions of brilliance {unknown}
 N - a potion of resistance {unknown}


   Skills:
 - Level 13.0 Fighting
 - Level 19.5(21.3) Axes
 + Level 9.4(14.2) Maces & Flails
 - Level 8.0(13.3) Polearms
 - Level 11.2 Armour
 - Level 3.2 Shields
 - Level 11.1 Evocations


You had 14 spell levels left.
You didn't know any spells.
Your spell library contained the following spells:

 Spells                   Type           Power      Damage    Failure   Level
 Sting                    Tmut/Pois      0%         1d3       52%         1
 Poisonous Vapours        Pois/Air       0%         N/A       65%         2
 Sublimation of Blood     Necr           0%         N/A       65%         2
 Inner Flame              Hex/Fire       0%         N/A       87%         3
 Olgreb's Toxic Radiance  Pois           0%         N/A       99%         4
 Petrify                  Tmut/Erth      0%         N/A       99%         4
 Alistair's Intoxication  Tmut/Pois      0%         N/A       100%        5
 Borgnjor's Vile Clutch   Necr/Erth      0%         N/A       100%        5
 Irradiate                Conj/Tmut      0%         3d11      100%        5
 Yara's Violent Unravell  Hex/Tmut       0%         3d3       100%        5
 Eringya's Noxious Bog    Tmut/Pois      0%         4d6       100%        6
 Enfeeble                 Hex            0%         N/A       100%        7
 Summon Forest            Summ/Tloc      Unusable   N/A       N/A         5
 Summon Mana Viper        Hex/Summ       Unusable   N/A       N/A         5
 Summon Cactus Giant      Summ           Unusable   N/A       N/A         6

Dungeon Overview and Level Annotations

Branches:
Dungeon (11/15)            Temple (0/1) D:7            Lair (5/5) D:10
 Shoals (2/4) Lair:2       Spider (0/4) Lair:2        Slime (0/5) Lair:5
    Orc (2/2) D:11            Elf (0/3) Orc:2

Altars:
Dithmenos
Elyvilon
Gozag
Kikubaaqudgha
Makhleb
Okawaru
Ru
Sif Muna
Trog
Uskayaw
Vehumet
Wu Jian
The Shining One

Shops:
D:6 *   D:8 *   D:9 (   Orc:2 ?*=[(


Innate Abilities, Weirdness & Mutations

You are clumsy. (Dex -2)
You cannot be stealthy.
You are hated by all.
You cannot train Dodging skill.
You are missing an eye, making it more difficult to aim.
You cannot voluntarily change form.


Message History

Moving in this stuff is going to be slow.
The sea snake is knocked back by the gust of wind.
You barely miss the death yak.
The death yak is almost dead.
The wind drake exhales a fierce blast of wind!
You are knocked back by the gust of wind.
You collide with the death yak!
The death yak dies!
* * * LOW HITPOINT WARNING * * *
Splash!
The wind drake flaps its wings at you. The air twists around and strikes you!!
* * * LOW HITPOINT WARNING * * *
Okay, then.
Okay, then.
The sea snake bites you!
* * * LOW HITPOINT WARNING * * *
The sea snake bites you.
* * * LOW HITPOINT WARNING * * *
Hit: L) +10 dark maul {heavy}
Press: ? - help, Dir - move target, f - wind drake
Aim: a wind drake (repelling missiles, softly glowing, about 35% to evade the +10 dark maul)
Okay, then.
You sock the wind drake!
The wind drake is lightly wounded.
You feel your willpower return.
The sea snake is no longer moving slowly.
The wind drake stops glowing.
The wind drake bites you but does no damage.
The wind drake bites you.
* * * LOW HITPOINT WARNING * * *
The sea snake is stunned by your conviction and fails to attack. x2
The wind drake barely misses you. The sea snake barely misses you.
You thump the wind drake!
The wind drake is moderately wounded.
You are no longer glowing.
The sea snake bites you but does no damage.
The wind drake bites you but does no damage. x2
The sea snake bites you!
You die...

≈≈≈≈≈≈≈≈≈≈≈≈≈≈≈
≈≈≈≈≈≈≈≈≈≈≈≈≈≈≈≈
≈≈≈≈≈≈≈≈≈≈≈≈≈≈≈≈
≈≈≈≈≈≈≈≈≈≈≈≈≈≈≈≈≈≈≈
≈≈≈≈≈≈≈≈≈≈≈≈≈≈≈≈≈≈≈≈
≈≈≈≈≈~~~~≈≈≈≈~~~≈≈≈≈
≈≈≈~~~~~~~~~~~~~≈≈≈≈
≈≈~~~~~~~~~~~~~~~~~≈
~~~~~~~~~~~S@~~~~~~~
~~~~~~~~~~~k~..~~~~~
~~~~~~~)~~......~~~~
~~~~))†.(....##..~~~
~~~~~.!.).<."# ...~~
~~..~..###........~≈
~~..... ......##.~≈
≈~~~... .........~~≈
≈≈~~~.)...........


You could see a sea snake and a wind drake (repels missiles).

Vanquished Creatures
  Nikola (Shoals:2)
  Rupert (Orc:2)
  Polyphemus (Shoals:2)
  Kirke (Lair:5)
  An orc warlord (Orc:2)
  An ettin (Orc:1)
  A centaur warrior (Shoals:2)
  4 catoblepae
  13 death yaks
  2 two-headed ogres
  5 orc high priests
  3 skysharks
  Amaemon (D:8)
  2 sea snakes (Shoals:1)
  An orb spider (Lair:2)
  4 orc knights (Orc:2)
  A cyclops (Shoals:1)
  5 orc sorcerers
  5 manticores
  10 elephants
  2 fauns (Shoals:2)
  Maurice (D:11)
  A merfolk siren (Shoals:2)
  A water nymph (Shoals:1)
  2 black mambas
  9 cane toads
  Maggie (D:6)
  2 rime drakes
  An orange demon (D:8)
  6 komodo dragons
  A merfolk (Shoals:1)
  A polar bear (Lair:4)
  5 trolls
  A wind drake (Shoals:1)
  13 blink frogs
  A snapping turtle (Shoals:1)
  4 dream sheep (Shoals:1)
  3 slime creatures (D:8)
  Sigmund (D:3)
  2 shadows
  5 hogs (Lair:5)
  A wyvern (Lair:3)
  7 fire bats
  57 yaks
  Eustachio (D:4)
  8 basilisks
  3 steam dragons
  6 wargs
  2 acid dragons (D:11)
  15 water moccasins
  2 ice beasts (D:6)
  32 orc warriors
  A sky beast (D:7)
  5 ogres
  2 centaurs
  6 wolves
  A phantom (D:7)
  3 kobold brigands
  5 bullfrogs
  3 gnoll sergeants
  A scorpion (D:7)
  14 wights
  5 howler monkeys
  4 jellies
  18 orc priests
  6 hounds
  Crazy Yiuf (D:4)
  2 sleepcaps
  2 iguanas
  21 orc wizards
  6 hell rats (Lair:3)
  A mummy (D:7)
  11 gnolls
  11 adders
  A white imp (D:7)
  2 ufetubi (D:6)
  A dart slug (D:5)
  74 orcs
  8 endoplasms
  2 giant cockroaches
  5 hobgoblins
  7 jackals
  22 kobolds
  2 quokkas
  2 ball pythons (D:4)
  5 bats
  5 frilled lizards
  5 goblins
  3 rats
533 creatures vanquished.

Vanquished Creatures (others)
  A death yak (Shoals:2)
  An orc sorcerer (Orc:2)
  A wolf (Lair:5)
  A gnoll (D:11)
4 creatures vanquished.

Grand Total: 537 creatures vanquished

Notes
Turn   | Place    | Note
-------+----------+-------------------------------------------
     0 | D:1      | horus123 the Hill Orc Fighter began the quest for the Orb.
     0 | D:1      | Reached XP level 1. HP: 19/19 MP: 1/1
   191 | D:1      | Found a faded altar of an unknown god.
   203 | D:1      | Reached XP level 2. HP: 20/27 MP: 2/2
   569 | D:2      | Reached skill level 5 in Fighting
   569 | D:2      | Reached XP level 3. HP: 31/36 MP: 3/3
   656 | D:2      | Reached skill level 3 in Axes
  1454 | D:3      | Noticed Sigmund
  1462 | D:3      | Killed Sigmund
  1463 | D:3      | Reached skill level 6 in Axes
  1463 | D:3      | Reached XP level 4. HP: 36/42 MP: 4/4
  1463 | D:3      | Reached XP level 5. HP: 41/48 MP: 5/5
  1702 | D:3      | Found an ornate altar of the Wu Jian Council.
  1725 | D:3      | Reached skill level 7 in Axes
  1725 | D:3      | Reached XP level 6. HP: 53/56 MP: 6/6
  2136 | D:4      | Noticed Eustachio
  2146 | D:4      | Killed Eustachio
  2147 | D:4      | Reached skill level 8 in Axes
  2455 | D:4      | Reached XP level 7. HP: 60/61 MP: 7/7
  2542 | D:4      | Reached skill level 5 in Armour
  2917 | D:4      | Found a runed translucent door.
  2918 | D:4      | Noticed Crazy Yiuf
  2984 | D:4      | Killed Crazy Yiuf
  3015 | D:5      | Entered Level 5 of the Dungeon
  3382 | D:5      | Found a white marble altar of Elyvilon.
  3816 | D:6      | Reached XP level 8. HP: 64/71 MP: 8/8
  3947 | D:6      | Found a hide-covered altar of Uskayaw.
  3947 | D:6      | Found an iron altar of Okawaru.
  4233 | D:6      | Noticed Maggie
  4260 | D:6      | Killed Maggie
  4261 | D:6      | Reached skill level 10 in Axes
  4497 | D:6      | Found a shimmering blue altar of Sif Muna.
  4497 | D:6      | Found a bloodstained altar of Trog.
  4498 | D:6      | Found a shadowy altar of Dithmenos.
  4498 | D:6      | Found a glowing golden altar of the Shining One.
  4498 | D:6      | Found a radiant altar of Vehumet.
  4499 | D:6      | Found a sacrificial altar of Ru.
  4499 | D:6      | Found a hazy altar of Hepliaklqana.
  4503 | D:6      | Reached skill level 11 in Axes
  4503 | D:6      | Reached XP level 9. HP: 75/81 MP: 9/9
  4528 | D:6      | Found an ancient bone altar of Kikubaaqudgha.
  4554 | D:6      | Became a worshipper of Ru the Awakened
  4650 | D:6      | Found Tila's Lightly-Used Armoury.
  5228 | D:7      | Reached skill level 12 in Axes
  5348 | D:7      | Found a staircase to the Ecumenical Temple.
  5377 | D:7      | Reached skill level 13 in Axes
  5658 | D:7      | Gained mutation: You cannot be stealthy. [Ru sacrifice]
  6126 | D:8      | Found Gozag's Platinum Reserve.
  6126 | D:8      | Found an opulent altar of Gozag.
  6214 | D:8      | Noticed a troll
  6219 | D:8      | Killed a troll
  6220 | D:8      | Reached skill level 14 in Axes
  6268 | D:8      | Identified the amulet "Xyurchup" {Acrobat +Inv rF+ Dex-3}
  6458 | D:8      | Reached skill level 15 in Axes
  6458 | D:8      | Reached XP level 10. HP: 80/88 MP: 10/10
  6590 | D:8      | Identified the +9 dagger of Vodka {elec, rN+ Int+6}
  6833 | D:8      | Reached skill level 16 in Axes
  7121 | D:8      | Noticed Amaemon
  7121 | D:8      | Noticed an orange demon
  7137 | D:8      | Killed Amaemon
  7147 | D:8      | Killed an orange demon
  7148 | D:8      | Reached skill level 17 in Axes
  7412 | D:9      | Reached skill level 18 in Axes
  7486 | D:9      | Found Rovaech's Antique Weapon Boutique.
  7495 | D:9      | Bought a steaming flail for 246 gold pieces
  7495 | D:9      | Identified the +1 flail "Xiec" {drain, MP+9 Str+5 Stlth-}
                  | (You bought it in a shop on level 9 of the Dungeon)
  7787 | D:9      | Reached XP level 11. HP: 71/95 MP: 11/11
  7878 | D:9      | Found a burning altar of Makhleb.
  7993 | D:9      | Noticed a two-headed ogre
  7999 | D:9      | Killed a two-headed ogre
  8265 | D:10     | Entered Level 10 of the Dungeon
  8296 | D:10     | Reached skill level 10 in Fighting
  8336 | D:10     | Found a staircase to the Lair.
  8377 | D:10     | Gained mutation: You are clumsy. (Dex -2) [Ru sacrifice]
  8377 | D:10     | Reached * piety under Ru
  8470 | D:10     | Noticed a two-headed ogre
  8478 | D:10     | Killed a two-headed ogre
  8760 | D:10     | Reached skill level 5 in Maces & Flails
  9255 | D:14     | Identified the "Emairoah"
  9255 | Lair:1   | Entered Level 1 of the Lair of Beasts
  9804 | Lair:1   | Reached XP level 12. HP: 106/106 MP: 12/12
  9837 | Lair:1   | Reached skill level 10 in Armour
  9985 | Lair:1   | Identified the +5 sling "Beastbane" {freeze, Will+ Str+3}
 10139 | Lair:1   | Found the +0 toga "Victory" {*Victory Clar}
 11010 | Lair:2   | Gained mutation: You are missing an eye, making it more
                  | difficult to aim. [Ru sacrifice]
 11010 | Lair:2   | Reached ** piety under Ru
 11032 | Lair:2   | Noticed a death yak
 11033 | Lair:2   | Noticed a death yak
 11033 | Lair:2   | Noticed a death yak
 11034 | Lair:2   | Noticed a death yak
 11034 | Lair:2   | Noticed a death yak
 11044 | Lair:2   | Killed a death yak
 11044 | Lair:2   | Killed a death yak
 11045 | Lair:2   | Reached skill level 19 in Axes
 11050 | Lair:2   | HP: 3/106 [death yak (13)]
 11056 | Lair:2   | Killed a death yak
 11060 | Lair:2   | Killed a death yak
 11061 | Lair:2   | Killed a death yak
 11062 | Lair:2   | Reached skill level 1 in Dodging
 11350 | Lair:2   | Found a staircase to the Shoals.
 11918 | Lair:2   | Found a hole to the Spider Nest.
 11943 | Lair:2   | Reached skill level 5 in Dodging
 11943 | Lair:2   | Reached XP level 13. HP: 113/113 MP: 13/13
 13388 | Lair:4   | Gained mutation: You cannot train Dodging skill. [Ru
                  | sacrifice]
 13388 | Lair:4   | Reached *** piety under Ru
 13941 | Lair:5   | Entered Level 5 of the Lair of Beasts
 14291 | Lair:5   | Found a viscous altar of Jiyva.
 14307 | Lair:5   | Reached skill level 1 in Evocations
 14324 | Lair:5   | Found a staircase to the Slime Pits.
 14961 | Lair:5   | Noticed Kirke
 14972 | Lair:5   | Reached skill level 5 in Evocations
 14983 | Lair:5   | Killed Kirke
 15676 | Lair:5   | Reached XP level 14. HP: 76/129 MP: 14/14
 16499 | Lair:5   | Identified the +0 scale mail "Godant" {Harm rPois Dex+3}
 17109 | D:11     | Noticed Maurice
 17122 | D:11     | Killed Maurice
 17123 | D:11     | Reached skill level 10 in Evocations
 17465 | D:11     | Found a staircase to the Orcish Mines.
 17534 | Orc:1    | Entered Level 1 of the Orcish Mines
 17779 | Orc:1    | Found a roughly hewn altar of Beogh.
 18201 | Orc:1    | Gained mutation: You are hated by all. [Ru sacrifice]
 18201 | Orc:1    | Reached **** piety under Ru
 18201 | Orc:1    | Reached ***** piety under Ru
 18745 | Orc:2    | Entered Level 2 of the Orcish Mines
 18771 | Orc:2    | Reached skill level 1 in Polearms
 19222 | Orc:2    | Paralysed by an orc sorcerer for 2 turns
 19232 | Orc:2    | Reached skill level 5 in Polearms
 19416 | Orc:2    | Noticed an orc warlord
 19426 | Orc:2    | Killed an orc warlord
 19432 | Orc:2    | Found Oneown's Jewellery Emporium.
 19473 | Orc:2    | Noticed Rupert
 19494 | Orc:2    | Killed Rupert
 19799 | Orc:2    | Found a staircase to the Elven Halls.
 19804 | Orc:2    | Found Tuosui's General Store.
 19827 | Orc:2    | Found Pakhlil's Antique Weapon Shop.
 19849 | Orc:2    | Bought the +10 dark maul {heavy} for 1648 gold pieces
 19849 | Orc:2    | Found the +10 dark maul {heavy}
 19896 | Orc:2    | Found Jelosudi's Magic Scroll Emporium.
 19929 | Orc:2    | Found Kiubob's Antique Armour Emporium.
 20232 | Shoals:1 | Entered Level 1 of the Shoals
 20525 | Shoals:1 | Reached XP level 15. HP: 96/135 MP: 15/15
 21079 | Shoals:1 | Gained mutation: You cannot voluntarily change form. [Ru
                  | sacrifice]
 21109 | Shoals:2 | Noticed Nikola
 21109 | Shoals:2 | Noticed Polyphemus
 21116 | Shoals:2 | Killed Polyphemus
 21116 | Shoals:2 | Killed Nikola
 21123 | Shoals:2 | HP: 4/135 [sea snake (3)]
 21125 | Shoals:2 | Mangled by a sea snake

Illustrated notes

Levels and vault maps discovered:
D:1:      minmay_arrival_glassed_features, layout_basic,
          hellmonk_ecumenical_altar_crossroads
D:2:      layout_basic
D:3:      layout_rooms, overflow_temple_1_default, uniq_sigmund
D:4:      layout_rooms, kennysheep_dice, uniq_crazy_yiuf_cottage, uniq_eustachio
D:5:      layout_basic, elyvilon_altar_1
D:6:      layout_basic, nicolae_overflows_in_rows, serial_rivers,
          chequers_serial_rivers_small_b, chequers_serial_rivers_small_b,
          chequers_serial_rivers_micro_e, chequers_serial_rivers_large_b,
          hangedman_decor_points, minmay_shop_damaged, uniq_maggie
D:7:      layout_layer_cave, minmay_temple_entry_antechambers,
          gup_ossuary_entry_pyramid
D:8:      layout_basic, nicolae_gozag_zags_fifth_avenue,
          small_chamber_with_monster, uniq_amaemon
D:9:      layout_roguey, amcnicky_altar_gilded, serial_shops, shop
D:10:     layout_basic, david_lair_generic
D:11:     layout_rooms, orc_0_dummy, uniq_maurice
Lair:1:   layout_gridlike, lemuel_old_faithful
Lair:2:   layout_regular_city, shoals_dummy_entry,
          nicolae_spider_entry_orb_guardian, gauntlet_entry_generic
Lair:3:   layout_hall_layers
Lair:4:   layout_regular_city, lemuel_fruit_fields
Lair:5:   evilmike_catoblepas_cave, layout_gridlike,
          nicolae_slime_entry_field_trip, uniq_kirke
Shoals:1: layout_shoals
Shoals:2: layout_shoals, uniq_nikola, uniq_polyphemus
Orc:1:    minmay_goldmine, layout_caves, basic_altar
Orc:2:    grunt_orc_gardens, layout_caves, grunt_orc_garden, grunt_orc_garden,
          grunt_orc_garden, grunt_orc_garden, serial_shops, shop,
          nicolae_orc_bridge_out, uniq_rupert

Skill      XL: |  1  2  3  4  5  6  7  8  9 10 11 12 13 14 15 |
---------------+----------------------------------------------+-----
Fighting       | 4 5 6 8 10 13 | 13.0
Axes           | 6 7 8 11 15 18 19 | 19.5
Armour         | 4 6 9 11 | 11.2
Maces & Flails | 5 6 9 |  9.4
Dodging        | 5 0 |  0.0
Evocations     | 8 11 | 11.1
Polearms       | 8 |  8.0
Shields        | |  3.2

Action                     |  1- 3 |  4- 6 |  7- 9 | 10-12 | 13-15 || total
---------------------------+-------+-------+-------+-------+-------++-------
  Melee: War axe           |    85 |    64 |   179 |       |       ||   328
         Battleaxe         |       |       |    55 |   291 |   714 ||  1060
         Flail             |       |       |       |    54 |       ||    54
         Punch             |       |       |       |     2 |       ||     2
         Maul              |       |       |       |       |    36 ||    36
  Throw: Dart              |       |       |     7 |     1 |       ||     8
 Invoke: Sacrifice Stealth |       |       |     1 |       |       ||     1
         Sacrifice Purity  |       |       |       |     1 |       ||     1
         Sacrifice an Eye  |       |       |       |     1 |       ||     1
         Draw Out Power    |       |       |       |       |     1 ||     1
         Sacrifice Nimblen |       |       |       |       |     1 ||     1
         Apocalypse        |       |       |       |       |     2 ||     2
         Sacrifice Love    |       |       |       |       |     1 ||     1
         Sacrifice Forms   |       |       |       |       |     1 ||     1
  Evoke: Wand              |       |       |       |     7 |       ||     7
    Use: Potion            |     1 |       |     2 |     5 |     4 ||    12
         Scroll            |       |     5 |     5 |     9 |     6 ||    25
   Stab: Invisible         |       |       |       |       |     7 ||     7
         Distracted        |       |       |       |       |     3 ||     3
         Paralysed         |       |       |       |       |     6 ||     6
 Armour: Scale mail        |    60 |    31 |    80 |       |       ||   171
         Chain mail        |       |       |    10 |       |       ||    10
         Swamp dragon scal |       |       |    84 |   239 |   559 ||   882
         Plate armour      |       |       |       |    70 |       ||    70
  Dodge: Dodged            |    44 |    30 |   101 |   171 |   345 ||   691
  Block: Buckler           |    12 |    14 |    37 |       |       ||    63

Table legend: (Time is in decaauts)
 A = Elapsed time spent in this place.
 B = Non-inter-level travel time spent in this place.
 C = Inter-level travel time spent in this place.
 D = Time resting spent in this place.
 E = Time spent auto-exploring this place.
 F = Levels seen in this place.
 G = Mean time per level.
                   A        B        C        D        E       F      G
               +--------+--------+--------+--------+--------+-----+--------+
         Total |  20981 |  20300 |    681 |   3226 |  13672 |  20 | 1049.1 |
       Dungeon |  10286 |   9981 |    305 |   1246 |   7110 |  11 |  935.1 |
          Lair |   7299 |   6985 |    314 |   1359 |   4594 |   5 | 1459.8 |
        Shoals |   1000 |    987 |     13 |      0 |    753 |   2 |  500.0 |
  Orcish Mines |   2395 |   2347 |     48 |    619 |   1213 |   2 | 1197.5 |
               +--------+--------+--------+--------+--------+-----+--------+

Top non-repeatable levels by time:
  Lair:5: 2775 daAuts
  Lair:1: 1404 daAuts
    D:10: 1303 daAuts
   Orc:2: 1288 daAuts
     D:8: 1277 daAuts
  Lair:2: 1267 daAuts
     D:6: 1195 daAuts
     D:7: 1151 daAuts
   Orc:1: 1107 daAuts
     D:4: 977 daAuts
Shoals:1: 968 daAuts
  Lair:3: 953 daAuts
     D:2: 933 daAuts
  Lair:4: 898 daAuts
     D:9: 866 daAuts
